 Dungeon Crawl Stone Soup version 0.31-a0-544-gceb718ecc6 (webtiles) character file.

Game seed: 10680393201119172469

309 lunkers the Ruffian (level 7, 0/52 HPs)
             Began as a Meteoran Shapeshifter on Aug 15, 2023.
             Was an Initiate of Okawaru.
             Slain by a gnoll
             ... wielding a +0 flail
             ... led by a gnoll bouda
              (6 damage)
             ... on level 5 of the Dungeon.
             The game lasted 00:03:49 (1500 turns).

lunkers the Ruffian (Meteoran Shapeshifter)         Turns: 1500, Time: 00:03:49

Health: 0/52       AC:  2    Str: 18    XL:     7   Next: 1%
Magic:  8/8        EV: 12    Int:  9    God:    Okawaru [......]
Gold:   128        SH:  0    Dex: 16    Spells: 6/6 levels left

rFire   . .          .
                       - Unarmed
rCold   . . .        (no shield)
rNeg    . . .        a - +0 animal skin
rPois   .            (helmet currently unavailable)
rElec   .            (cloak currently unavailable)
rCorr   .            (gloves currently unavailable)
SInv    .            (boots currently unavailable)
Will    .....        (no amulet)
Stlth   +            f - ring of flight
HPRegen 0.28/turn    (no ring)
MPRegen 0.11/turn

%: no passive effects
@: beast-form, flying, glowing
A: beast (slay +3), sense surroundings 1, otherworldly, glowing, explore regen
a: Begin Untransformation, Renounce Religion


You were on level 5 of the Dungeon.
You worshipped Okawaru.
Okawaru was noncommittal.
You were a hulking beast.
You visited 1 branch of the dungeon, and saw 5 of its levels.

You collected 128 gold pieces.

Inventory:

Armour
 a - a +0 animal skin (worn)
 h - +0 storm dragon scales
 j - a +0 helmet of intelligence
 s - the +0 pair of gloves "Huceob" {rCorr SInv Stlth+}
   (You found it on level 4 of the Dungeon)

   SInv:      It lets you see invisible.
   rCorr:     It protects you from acid and corrosion.
   Stlth+:    It makes you more stealthy.
Jewellery
 f - a ring of flight (left hand)
Talismans
 c - a beast talisman (active)
 d - a flux talisman
 e - a serpent talisman
Scrolls
 i - 2 scrolls of revelation {unknown}
 l - a scroll of enchant weapon {unknown}
 n - a scroll of noise {unknown}
 p - a scroll of blinking {unknown}
 r - a scroll of identify {unknown}
Potions
 b - 2 potions of lignification
 g - a potion of cancellation {unknown}
 k - 4 potions of curing {unknown}
 m - 2 potions of enlightenment {unknown}
 o - a potion of magic {unknown}
 q - a potion of brilliance {unknown}
 t - a potion of degeneration {unknown}


   Skills:
 - Level 1.1 Fighting
 - Level 2.1 Dodging
 * Level 7.1 Unarmed Combat
 + Level 5.1 Shapeshifting


You had 6 spell levels left.
You didn't know any spells.
Your spell library contained the following spells:

 Spells                   Type           Power      Damage    Failure   Level
 Ensorcelled Hibernation  Hex/Ice        0%         N/A       52%         2
 Passwall                 Tmut/Erth      0%         N/A       52%         2
 Swiftness                Air            0%         N/A       77%         3
 Summon Small Mammal      Summ           Unusable   N/A       N/A         1
 Call Canine Familiar     Summ           Unusable   N/A       N/A         3
 Summon Guardian Golem    Hex/Summ       Unusable   N/A       N/A         3

Dungeon Overview and Level Annotations

Branches:
Dungeon (5/15) Zot: 1514
 Temple: D:4-7

Altars:
Okawaru


Innate Abilities, Weirdness & Mutations

You are a hulking beast.
Your limbs bulge with bestial killing power. (Slay +3)
You passively map a small area around you.
You are easily found by Zot.
You glow in the dark.
You regain HP and MP as you explore.


Message History

The iguana hisses menacingly.
The quokka moves out of view.
There is a stone staircase leading up here.
You hit the iguana.
The iguana is lightly wounded.
The iguana closely misses you.
You fly upwards.
There is a stone staircase leading down here.
You punch the iguana!
The iguana is severely wounded.
The iguana closely misses you.
You closely miss the iguana.
The iguana is severely wounded.
The iguana closely misses you.
You hit the iguana but do no damage.
The iguana is severely wounded.
The iguana bites you!
* * * LOW HITPOINT WARNING * * *
You punch the iguana!
You kill the iguana!
Okawaru accepts your kill.
You have reached level 7!
You fly downwards.
The quokka bites you.
* * * LOW HITPOINT WARNING * * *
The gnoll closely misses you. The quokka barely misses you.
There is a stone staircase leading up here.
You barely miss the gnoll. The gnoll hits you with a +0 flail.
* * * LOW HITPOINT WARNING * * *
The quokka bites you but does no damage.
Unknown command.
You hit the gnoll.
The gnoll is moderately wounded.
The gnoll hits you with a +0 flail!
* * * LOW HITPOINT WARNING * * *
The quokka bites you.
* * * LOW HITPOINT WARNING * * *
You punch the gnoll! Your punch misses the gnoll.
The gnoll is almost dead.
The quokka closely misses you. The gnoll hits you with a +0 flail.
You die...

* * * * ,
* , ,, ,
,## * ** *
*,#. , ,,,
* #.*,* ,
*,#g######
* #rh....#
,####.###
, #


You could see a gnoll and a quokka.

Vanquished Creatures
  A scorpion (D:4)
  A howler monkey (D:4)
  A gnoll bouda (D:4)
  An iguana (D:4)
  An orc wizard (D:4)
  2 gnolls (D:4)
  5 adders
  3 worms
  A dart slug (D:1)
  3 orcs (D:4)
  5 ball pythons
  6 endoplasms
  5 giant cockroaches
  2 goblins
  2 hobgoblins
  4 jackals (D:1)
  3 kobolds
  4 quokkas
  4 bats
  4 rats
58 creatures vanquished.

Notes
Turn   | Place    | Note
-------+----------+-------------------------------------------
     0 | D:1      | lunkers the Meteoran Shapeshifter began the quest for the
                  | Orb.
     0 | D:1      | Reached XP level 1. HP: 16/16 MP: 2/2
    76 | D:1      | Reached XP level 2. HP: 22/23 MP: 3/3
    98 | D:1      | Reached skill level 4 in Unarmed Combat
   245 | D:1      | Reached XP level 3. HP: 18/28 MP: 4/4
   583 | D:2      | Reached skill level 5 in Unarmed Combat
   583 | D:2      | Reached XP level 4. HP: 32/35 MP: 5/5
   851 | D:3      | Reached XP level 5. HP: 39/40 MP: 6/6
  1048 | D:4      | Reached skill level 6 in Unarmed Combat
  1048 | D:4      | Reached XP level 6. HP: 28/47 MP: 7/7
  1171 | D:4      | Identified the +0 pair of gloves "Huceob" {rCorr SInv
                  | Stlth+}
  1242 | D:4      | Found an iron altar of Okawaru.
  1247 | D:4      | Became a worshipper of Warmaster Okawaru
  1463 | D:5      | Entered Level 5 of the Dungeon
  1469 | D:4      | Reached skill level 5 in Shapeshifting
  1483 | D:4      | Reached skill level 7 in Unarmed Combat
  1496 | D:4      | Reached XP level 7. HP: 22/52 MP: 8/8
  1500 | D:5      | Slain by a gnoll

Illustrated notes

Levels and vault maps discovered:
D:1:      saegor_arrival_simple_c, layout_basic
D:2:      layout_loops_ring
D:3:      layout_basic
D:4:      layout_basic, hellmonk_okawaru_the_only_friend_you_need,
          minmay_fractal_squares_diagonal_5
D:5:      layout_basic, nicolae_gozag_seed_capital, serial_shops,
          nicolae_stop_n_shop_1, nrook_campfire, uniq_edmund

Skill      XL: |  1  2  3  4  5  6 |
---------------+-------------------+-----
Unarmed Combat | 4 5 6 7 |  7.1
Shapeshifting  | 4 5 |  5.1
Fighting       | |  1.1
Dodging        | |  2.1

Action                     |  1- 3 |  4- 6 |  7- 9 || total
---------------------------+-------+-------+-------++-------
  Melee: Unarmed           |    62 |   100 |     3 ||   165
         Punch             |     3 |     6 |       ||     9
 Armour: Animal skin       |     7 |     7 |     1 ||    15
  Dodge: Dodged            |    31 |    52 |     3 ||    86

Table legend: (Time is in decaauts)
 A = Elapsed time spent in this place.
 B = Non-inter-level travel time spent in this place.
 C = Inter-level travel time spent in this place.
 D = Time resting spent in this place.
 E = Time spent auto-exploring this place.
 F = Levels seen in this place.
 G = Mean time per level.
                   A        B        C        D        E       F      G
               +--------+--------+--------+--------+--------+-----+--------+
         Total |   1484 |   1424 |     60 |      0 |   1001 |   5 |  296.8 |
       Dungeon |   1484 |   1424 |     60 |      0 |   1001 |   5 |  296.8 |
               +--------+--------+--------+--------+--------+-----+--------+

Top non-repeatable levels by time:
     D:4: 564 daAuts
     D:1: 366 daAuts
     D:2: 331 daAuts
     D:3: 212 daAuts
     D:5: 11 daAuts
